 Dungeon Crawl Stone Soup version 0.29.1 (webtiles) character file.

Game seed: 16114377017874011688

102 Icepheonix32 the Trooper (level 4, -1/41 HPs)
             Began as a Minotaur Fighter on Sept 14, 2022.
             Slain by a gnoll
             ... wielding a +0 spear
              (2 damage)
             ... on level 3 of the Dungeon.
             The game lasted 00:01:43 (2278 turns).

Icepheonix32 the Trooper (Minotaur Fighter)         Turns: 2278, Time: 00:01:43

Health: -1/41      AC:  8    Str: 23    XL:     4   Next: 50%
Magic:  3/3        EV:  9    Int:  5    God:
Gold:   71         SH:  4    Dex:  9    Spells: 3/3 levels left

rFire   . . .      SeeInvis .   l - +1 dagger (vamp)
rCold   . . .      Faith    .   c - +0 buckler
rNeg    . . .      Spirit   .   b - +0 scale mail
rPois   .          Reflect  .   (helmet restricted)
rElec   .          Harm     .   k - +0 cloak
rCorr   .          Rampage  .   (no gloves)
Will    .....                   (no boots)
Stlth   ..........              (no amulet)
HPRegen 0.13/turn               (no ring)
MPRegen 0.08/turn               (no ring)

@: no status effects
A: horns 2, retaliatory headbutt
a: no special abilities


You were on level 3 of the Dungeon.
You visited 1 branch of the dungeon, and saw 3 of its levels.

You collected 71 gold pieces.

Inventory:

Hand Weapons
 a - a +0 long sword
 l - a +1 vampiric dagger (weapon)
Armour
 b - a +0 scale mail (worn)
 c - a +0 buckler (worn)
 k - a +0 cloak (worn)
Wands
 n - a wand of mindburst (11)
Scrolls
 f - a scroll of magic mapping {unknown}
 g - a scroll of noise {unknown}
 h - a scroll of teleportation {unknown}
 i - a scroll of blinking {unknown}
 j - a scroll of butterflies {unknown}
 m - a scroll of vulnerability {unknown}
Potions
 d - 3 potions of might
 e - 2 potions of curing {unknown}


   Skills:
 * Level 4.8 Fighting
 - Level 3.6 Long Blades
 + Level 4.3 Armour
 + Level 0.4 Dodging
 + Level 0.2 Stealth
 + Level 4.0 Shields


You had 3 spell levels left.
You didn't know any spells.
Your spell library was empty.

Dungeon Overview and Level Annotations

Branches:
Dungeon (3/15)

Altars:
Sif Muna

Shops:
D:2 :


Innate Abilities, Weirdness & Mutations

You have a pair of horns on your head.
You reflexively headbutt those who attack you in melee.


Message History

* * * LOW HITPOINT WARNING * * *
Your Shields skill increases to level 4!
Unknown command.
You block the gnoll's attack.
You see here a +0 flail.
You barely miss the gnoll. The gnoll hits you but does no damage.
You hit the gnoll but do no damage. You hit the gnoll but do no damage.
The gnoll hits you but does no damage.
You hit the gnoll but do no damage. Your headbutt misses the gnoll.
You block the gnoll's attack.
You barely miss the gnoll. You headbutt the gnoll.
The gnoll is moderately wounded.
The gnoll hits you with a +0 spear.
* * * LOW HITPOINT WARNING * * *
You hit the gnoll.
The gnoll is moderately wounded.
The gnoll hits you with a +0 spear.
* * * LOW HITPOINT WARNING * * *
You hit the gnoll.
You feel better.
The gnoll is heavily wounded.
The gnoll hits you but does no damage.
You hit the gnoll but do no damage.
The gnoll is heavily wounded.
The gnoll closely misses you.
You closely miss the gnoll.
You headbutt the gnoll, but do no damage.
The gnoll is heavily wounded.
You block the gnoll's attack.
You barely miss the gnoll.
The gnoll is moderately wounded.
The gnoll hits you with a +0 spear.
* * * LOW HITPOINT WARNING * * *
You hit the gnoll but do no damage.
The gnoll is moderately wounded.
The gnoll hits you with a +0 spear.
* * * LOW HITPOINT WARNING * * *
You closely miss the gnoll.
The gnoll is moderately wounded.
The gnoll hits you with a +0 spear.
You die...

#.# #.# ####.######.##
#............###
#..#.#####.#...###########
#..#.......#....#........#
#..#.#...#.#..#..........#
#..#.#._.#.#..##.........#
#..#.#...#.#..###........#
#..#....)@g#..# #........#
##.#.#####.#..# #........#
#............# #........#
######....##.# #........#
#.#####.# #........# ..#
#........# .#. #######'##
.... #... ####


You could see a gnoll.

Vanquished Creatures
  2 gnolls (D:3)
  4 adders
  2 dart slugs (D:1)
  6 endoplasms
  2 giant cockroaches (D:1)
  3 goblins
  3 hobgoblins
  A quokka (D:1)
  4 ball pythons
  6 bats
  4 frilled lizards
  6 kobolds
  4 rats
47 creatures vanquished.

Notes
Turn   | Place    | Note
-------+----------+-------------------------------------------
     0 | D:1      | Icepheonix32 the Minotaur Fighter began the quest for the
                  | Orb.
     0 | D:1      | Reached XP level 1. HP: 19/19 MP: 0/0
   447 | D:1      | Reached XP level 2. HP: 27/27 MP: 1/1
   887 | D:1      | Found a faded altar of an unknown god.
   962 | D:1      | Reached XP level 3. HP: 31/34 MP: 2/2
  1573 | D:2      | Found Liluforgh's Book Shop.
  1634 | D:2      | Reached XP level 4. HP: 39/41 MP: 3/3
  2200 | D:3      | Found a shimmering blue altar of Sif Muna.
  2277 | D:3      | HP: 1/41 [gnoll/+0 spear (2)]
  2278 | D:3      | Slain by a gnoll

Illustrated notes

Levels and vault maps discovered:
D:1:      dpeg_arrival_arbitrary_b, layout_basic,
          hellmonk_ecumenical_altar_pennies_from_heaven
D:2:      layout_basic, serial_shops, nicolae_shop_crystal
D:3:      layout_basic, mainiacjoe_overflow_cross_hatched, serial_curves,
          eino_curves_04, eino_curves_02, minmay_misc_feat_more_columns,
          serial_bayou_ford_a, roderic_lattice_a

Skill      XL: |  1  2  3  4 |
---------------+-------------+-----
Fighting       | 4 |  4.8
Long Blades    | 3 |  3.6
Armour         | 4 |  4.3
Shields        | 4 |  4.0
Dodging        | |  0.4
Stealth        | |  0.2

Action                   |  1- 3 |  4- 6 || total
-------------------------+-------+-------++-------
Melee: Long sword        |    78 |    10 ||    88
       Headbutt          |    13 |     8 ||    21
       Dagger            |       |    43 ||    43
Armor: Scale mail        |    43 |    16 ||    59
Dodge: Dodged            |    37 |    18 ||    55
Block: Buckler           |    14 |    13 ||    27
